 Dungeon Crawl Stone Soup version 0.26-a0-812-g31a745ddcd (webtiles) character file.

Game seed: 15791712142597852657

194 kae the Insei (level 5, -1/26 HPs)
             Began as a Tengu Transmuter on Nov 16, 2020.
             Was a Follower of Hepliaklqana.
             Slain by Pikel
             ... wielding a +0 whip of electrocution
              (7 damage)
             ... on level 4 of the Dungeon.
             The game lasted 00:02:15 (3417 turns).

kae the Insei (Tengu Transmuter)                    Turns: 3417, Time: 00:02:15

Health: -1/26      AC:  2    Str: 11    XL:     5   Next: 73%
Magic:  6/9        EV: 20    Int: 14    God:    Hepliaklqana [*.....]
Gold:   195        SH:  0    Dex: 19    Spells: 4/8 levels left

rFire    . . .     SeeInvis .     - Unarmed
rCold    . . .     Faith    .   (shield currently unavailable)
rNeg     . . .     Spirit   .   (armour currently unavailable)
rPois    x         Reflect  .   (helmet currently unavailable)
rElec    .         Harm     .   (cloak currently unavailable)
rCorr    .         Rampage  .   (gloves currently unavailable)
MR       .....     Rnd*Tele +   (boots unavailable)
Stlth    ++........             (no amulet)
HPRegen  0.08/turn              h - ring of teleportation (curse)
MPRegen  0.11/turn              (no ring)

@: spider-form (expiring)
A: tiny, reduced essence, able to fly
a: Fly, End Transformation, Recall Ancestor, Ancestor Identity, Renounce
Religion


You were on level 4 of the Dungeon.
You worshipped Hepliaklqana.
Hepliaklqana was aware of your devotion.
You were a venomous arachnid creature.
You visited 1 branch of the dungeon, and saw 4 of its levels.
You also visited: Sewer.

You collected 195 gold pieces.

Inventory:

Armour
 a - a +0 robe (melded)
 d - a +0 pair of gloves (melded)
Jewellery
 f - a cursed amulet of inaccuracy
 h - a cursed ring of teleportation (left front leg)
Scrolls
 b - a scroll of blinking
 i - 3 scrolls of random uselessness
 l - a scroll of fear
 n - a scroll of teleportation
Potions
 c - a potion of curing
 e - 2 potions of berserk rage
 g - a potion of lignification {unknown}
 j - 2 potions of flight {unknown}
 m - a potion of invisibility {unknown}


   Skills:
 - Level 1.0 Fighting
 - Level 2.1 Dodging
 + Level 4.7 Unarmed Combat
 - Level 2.0 Spellcasting
 * Level 4.0 Transmutations


You had 4 spell levels left.
You knew the following spells:

 Your Spells              Type           Power        Failure   Level
a - Beastly Appendage     Tmut           ##....       14%         1
b - Spider Form           Tmut/Pois      #.........   52%         3

Your spell library contained the following spells:

 Spells                   Type           Power        Failure   Level
 Wereblood                Tmut           ##......     19%         2
 Ice Form                 Ice/Tmut       #.......     87%         4
 Blade Hands              Tmut           ##........   90%         5


Dungeon Overview and Level Annotations

Branches:
Dungeon (4/15)              Sewer (visited)
 Temple: D:4-7

Altars:
Hepliaklqana
Okawaru
Ru

Annotations:
D:4 Pikel


Innate Abilities, Weirdness & Mutations

((You have a beak for a mouth.))
((You have claws for feet.))
You can fly continuously.
Your life essence is reduced to manifest your ancestor. (-10% HP)


Message History

You closely miss the lemure.
The lemure is lightly wounded.
The lemure barely misses you.
Thoko hits the lemure.
The lemure shouts!
You hit the lemure but do no damage.
The lemure is poisoned.
The lemure is moderately wounded.
Thoko barely misses the lemure.
You barely miss Pikel.
The lemure hits Thoko!
A lemure comes into view.
Thoko misses the lemure.
The lemure shouts!
You hit Pikel but do no damage.
Pikel is poisoned.
Pikel hits you with a +0 whip of electrocution!
You are electrocuted!
* * * LOW HITPOINT WARNING * * *
Thoko barely misses Pikel.
You hit Pikel but do no damage.
Pikel looks as sick as possible!
Your transformation is almost over.
Pikel hits you with a +0 whip of electrocution!
You die...

############
#..........#
#..........#
#..........#
#..........#
#....<.....# ########
#....s†....# #......#
#...RK5....#
#......####..........#
#......##....##5######
#.....(...####..#
##..##.#### #5## ..
#.# #. #.##.# ..
#.#..# ...


You could see the friendly Thoko the ancestor, Pikel (extremely poisoned) and 3
lemures.

Vanquished Creatures
  Purgy (Sewer)
  A lemure (D:4)
  An orc wizard (D:2)
  An adder (D:2)
  An ooze (D:3)
  2 worms
  A dart slug (D:3)
  3 giant cockroaches
  6 hobgoblins
  2 jackals (D:2)
  A quokka (D:2)
  2 ball pythons (D:3)
  10 bats
  5 frilled lizards
  5 goblins
  7 kobolds
  9 rats
58 creatures vanquished.

Vanquished Creatures (collateral kills)
  A hobgoblin (D:3)
1 creature vanquished.

Grand Total: 59 creatures vanquished

Notes
Turn   | Place    | Note
-------+----------+-------------------------------------------
     0 | D:1      | kae the Tengu Transmuter began the quest for the Orb.
     0 | D:1      | Reached XP level 1. HP: 12/12 MP: 4/4
   288 | D:1      | Reached XP level 2. HP: 16/16 MP: 4/6
  1040 | D:2      | Found a hazy altar of Hepliaklqana.
  1058 | D:2      | Became a worshipper of Hepliaklqana the Forgotten
  1136 | D:2      | Reached XP level 3. HP: 16/18 MP: 7/7
  1141 | D:2      | Learned a level 3 spell: Spider Form
  1337 | D:2      | Found a sacrificial altar of Ru.
  1348 | D:2      | Reached XP level 4. HP: 14/22 MP: 8/8
  1808 | D:2      | Reached * piety under Hepliaklqana
  2385 | D:3      | Found a glowing drain.
  2411 | Sewer    | Entered a sewer
  2467 | Sewer    | Noticed Purgy
  2472 | Sewer    | Killed Purgy
  2472 | Sewer    | Gained mutation: You can fly continuously. [Tengu growth]
  2472 | Sewer    | Reached XP level 5. HP: 13/26 MP: 9/9
  2827 | D:3      | Found an iron altar of Okawaru.
  3315 | D:4      | Noticed a lemure
  3337 | D:4      | Killed a lemure
  3404 | D:4      | Noticed a lemure
  3404 | D:4      | Noticed a lemure
  3405 | D:4      | Noticed Pikel
  3415 | D:4      | Noticed a lemure
  3417 | D:4      | Slain by Pikel

Illustrated notes

Levels and vault maps discovered:
D:1:      dpeg_arrival_connections, layout_rooms, chequers_serial_rivers_room_a
D:2:      layout_loops_corners, nicolae_ru_great_annihilating_truth,
          nicolae_overflow_crystal_walls
D:3:      layout_basic, okawaru_ov_weapons_minmay, portal_sewer_entry_a,
          serial_aquarium, aquarium_bridge_square [aquarium_subvault_bridge,
          aquarium_subvault_bridge, aquarium_subvault_bridge,
          aquarium_subvault_wall], aquarium_window_fake, aquarium_window_fake,
          aquarium_window_2, aquarium_view_2d, aquarium_view_2e, aquarium_pool_1
D:4:      layout_rooms, uniq_pikel, uniq_natasha

Skill      XL: |  1  2  3  4  5 |
---------------+----------------+-----
Transmutations | 2 3 4 |  4.0
Unarmed Combat | 4 |  4.7
Fighting       | |  1.0
Dodging        | |  2.1
Spellcasting   | |  2.0

Action                   |  1- 3 |  4- 6 || total
-------------------------+-------+-------++-------
Melee: Unarmed           |    72 |    71 ||   143
       Kick              |    11 |    17 ||    28
       Peck              |     9 |    11 ||    20
       Punch             |     1 |       ||     1
       Headbutt          |     4 |     5 ||     9
 Cast: Beastly Appendage |    17 |    11 ||    28
       Spider Form       |       |     2 ||     2
  Use: Scroll            |     4 |     8 ||    12
 Stab: Sleeping          |     1 |     1 ||     2
       Paralysed         |       |     1 ||     1
Armor: Robe              |    26 |    11 ||    37
Dodge: Dodged            |    52 |    33 ||    85

Table legend: (Time is in decaauts)
 A = Elapsed time spent in this place.
 B = Non-inter-level travel time spent in this place.
 C = Inter-level travel time spent in this place.
 D = Time resting spent in this place.
 E = Time spent auto-exploring this place.
 F = Levels seen in this place.
 G = Mean time per level.
                   A        B        C        D        E       F      G
               +--------+--------+--------+--------+--------+-----+--------+
         Total |   3408 |   3344 |     64 |     25 |   2872 |   5 |  681.6 |
       Dungeon |   3051 |   2987 |     64 |     19 |   2565 |   4 |  762.8 |
         Sewer |    356 |    356 |      0 |      6 |    307 |   1 |  356.0 |
               +--------+--------+--------+--------+--------+-----+--------+

Top non-repeatable levels by time:
     D:2: 1247 daAuts
     D:1: 955 daAuts
     D:3: 729 daAuts
   Sewer: 356 daAuts
     D:4: 119 daAuts
